[ PARTIDA AOE2 · #504610183 ]
UnrankedBritanos vs Wu
Equipo del jugador · DERR
[ ANÁLISIS DE REPETICIÓN · EXTRAÍDO DE LA PARTIDA GRABADA ]
Feudal
9:51
Castillos
24:08
Imperial
40:10
| APM promedio | 54.2 |
| APM pico | 91 |
| eAPM promedio | 27.5 |
| Aldeanos / militares | 125 / 99 |
Foco
⚔️ 33.5% · 🌾 66.5%
Longbowman ×30 · Archer ×29 · Scout Cavalry ×15 · Knight ×7 · Battering Ram ×5 · Monk ×3
Feudal
10:06
Castillos
19:27
Imperial
39:21
| APM promedio | 72.8 |
| APM pico | 115 |
| eAPM promedio | 24.4 |
| Aldeanos / militares | 142 / 68 |
Foco
⚔️ 45.3% · 🌾 54.7%
Skirmisher ×54 · Unknown (1974) ×25 · Spearman ×7 · Unknown (1942) ×6 · Fishing Ship ×5 · Unknown (1968) ×4
Mapa de la partida
Recursos iniciales + cada clic de construcción. Líneas = muros · curvas = relieve. ◆ oro · ⬟ piedra · ● bayas · ✦ reliquia · ◌ hueco del cierre
Tu base· ✓ Separados por el mapa
Base de Sliper· ✓ Separados por el mapa
Terreno inicial suavizado · ◌ = hueco del cierre detectado · pasá el cursor para detalles
Inputs por minuto
— FMarcoss - - Sliper
Build order — FMarcoss
Primeras 150 de 386 acciones detectadas
| 0:00 | Encolar | Villager (Male) |
| 0:02 | Construir | House |
| 0:03 | Construir | House |
| 0:06 | Encolar | Villager (Male) |
| 0:06 | Encolar | Villager (Male) |
| 0:06 | Encolar | Villager (Male) |
| 1:16 | Encolar | Villager (Male) |
| 1:27 | Construir | Lumber Camp |
| 1:54 | Encolar | Villager (Male) |
| 2:07 | Encolar | Villager (Male) |
| 2:07 | Encolar | Villager (Male) |
| 2:32 | Encolar | Villager (Male) |
| 2:32 | Encolar | Villager (Male) |
| 2:51 | Encolar | Villager (Male) |
| 3:15 | Encolar | Villager (Male) |
| 3:50 | Encolar | Villager (Male) |
| 4:00 | Construir | House |
| 4:29 | Construir | Barracks |
| 4:33 | Encolar | Villager (Male) |
| 5:05 | Encolar | Villager (Male) |
| 5:26 | Encolar | Militia |
| 5:26 | Encolar | Militia |
| 5:32 | Encolar | Villager (Male) |
| 5:47 | Encolar | Villager (Male) |
| 5:52 | Construir | House |
| 6:21 | Construir | House |
| 6:28 | Encolar | Militia |
| 6:41 | Encolar | Villager (Male) |
| 7:41 | Investigar | Feudal Age |
| 7:50 | Construir | Lumber Camp |
| 8:13 | Construir | Mining Camp |
| 8:23 | Construir | Mill |
| 8:46 | Investigar | Loom |
| 9:25 | Construir | House |
| 9:36 | Encolar | Villager (Male) |
| 9:51 | Edad | Edad Feudal |
| 10:01 | Investigar | Man-at-Arms (upgrade) |
| 10:01 | Investigar | Man-at-Arms (upgrade) |
| 10:05 | Construir | Archery Range |
| 10:39 | Construir | Archery Range |
| 10:51 | Encolar | Archer |
| 10:59 | Construir | House |
| 11:18 | Encolar | Archer |
| 11:22 | Encolar | Villager (Male) |
| 11:35 | Construir | Mill |
| 11:39 | Encolar | Archer |
| 11:39 | Encolar | Archer |
| 11:56 | Encolar | Archer ×2 |
| 12:30 | Encolar | Archer |
| 12:58 | Encolar | Archer |
| 12:59 | Encolar | Villager (Male) |
| 13:01 | Construir | House |
| 13:19 | Encolar | Villager (Male) |
| 13:23 | Encolar | Villager (Male) |
| 13:24 | Construir | Blacksmith |
| 13:43 | Encolar | Archer |
| 14:09 | Investigar | Fletching |
| 14:09 | Investigar | Fletching |
| 14:21 | Encolar | Villager (Male) |
| 14:52 | Construir | House |
| 14:58 | Encolar | Archer |
| 14:58 | Encolar | Archer |
| 14:59 | Encolar | Villager (Male) |
| 15:00 | Encolar | Villager (Male) |
| 15:00 | Encolar | Villager (Male) |
| 15:01 | Construir | Farm |
| 15:17 | Encolar | Archer |
| 15:21 | Construir | Farm |
| 15:22 | Construir | Farm |
| 15:22 | Construir | Farm |
| 15:24 | Construir | Farm |
| 15:29 | Encolar | Villager (Male) |
| 15:47 | Encolar | Archer |
| 16:14 | Encolar | Villager (Male) |
| 16:16 | Construir | Farm |
| 16:17 | Construir | Farm |
| 16:35 | Encolar | Archer |
| 17:07 | Encolar | Archer |
| 18:02 | Encolar | Archer |
| 18:03 | Encolar | Archer |
| 18:03 | Encolar | Villager (Male) |
| 18:05 | Construir | House |
| 18:06 | Encolar | Villager (Male) |
| 18:08 | Construir | Farm |
| 18:08 | Construir | Farm |
| 18:13 | Investigar | Double-Bit Axe |
| 19:34 | Encolar | Villager (Male) |
| 19:36 | Construir | Market |
| 19:41 | Construir | House |
| 19:44 | Encolar | Archer |
| 19:45 | Encolar | Archer |
| 19:59 | Encolar | Villager (Male) |
| 20:01 | Construir | Farm |
| 20:05 | Construir | Farm |
| 20:10 | Encolar | Villager (Male) |
| 20:33 | Encolar | Archer |
| 20:33 | Encolar | Archer |
| 20:47 | Construir | Palisade Gate |
| 20:53 | Encolar | Archer |
| 20:55 | Encolar | Archer |
| 21:28 | Investigar | Castle Age |
| 21:33 | Construir | Mining Camp |
| 22:33 | Encolar | Archer |
| 22:33 | Encolar | Archer |
| 22:52 | Construir | Dock |
| 22:54 | Encolar | Archer |
| 22:54 | Encolar | Archer |
| 23:08 | Construir | Farm |
| 23:17 | Encolar | Archer |
| 23:18 | Encolar | Archer |
| 23:34 | Encolar | Galley |
| 23:52 | Encolar | Villager (Male) |
| 23:53 | Encolar | Villager (Male) |
| 24:08 | Edad | Edad de los Castillos |
| 24:12 | Investigar | Crossbowman (upgrade) |
| 24:48 | Encolar | Villager (Male) |
| 25:55 | Encolar | Villager (Male) |
| 26:00 | Construir | Town Center |
| 26:06 | Construir | Town Center |
| 26:12 | Investigar | Bodkin Arrow |
| 26:12 | Investigar | Bodkin Arrow |
| 26:20 | Encolar | Galley |
| 26:21 | Encolar | Galley |
| 26:27 | Construir | Monastery |
| 26:30 | Encolar | Villager (Male) |
| 26:33 | Investigar | Bow Saw |
| 26:37 | Encolar | Villager (Male) |
| 26:54 | Encolar | Villager (Male) |
| 27:11 | Encolar | Monk |
| 27:25 | Encolar | Villager (Male) |
| 27:28 | Investigar | Horse Collar |
| 27:30 | Encolar | Villager (Male) |
| 27:35 | Encolar | Villager (Male) |
| 27:39 | Encolar | Villager (Male) |
| 27:39 | Encolar | Villager (Male) |
| 27:39 | Encolar | Villager (Male) |
| 27:52 | Construir | House |
| 27:53 | Construir | House |
| 27:53 | Construir | House |
| 28:30 | Encolar | Villager (Male) |
| 28:33 | Construir | Farm |
| 28:33 | Construir | Farm |
| 28:35 | Construir | Farm |
| 28:36 | Construir | Farm |
| 28:38 | Construir | Farm |
| 28:38 | Construir | Farm |
| 28:40 | Encolar | Villager (Male) |
| 29:17 | Encolar | Villager (Male) |
| 29:22 | Construir | Farm |
| 29:22 | Construir | Farm |
Build order — Sliper
Primeras 150 de 398 acciones detectadas
| 0:01 | Encolar | Villager (Male) |
| 0:02 | Construir | House |
| 0:02 | Construir | House |
| 0:04 | Construir | House |
| 0:14 | Encolar | Villager (Male) ×3 |
| 1:24 | Encolar | Villager (Male) |
| 1:54 | Construir | Lumber Camp |
| 1:56 | Encolar | Villager (Male) |
| 1:56 | Encolar | Villager (Male) |
| 2:15 | Encolar | Villager (Male) |
| 2:30 | Encolar | Villager (Male) |
| 2:54 | Encolar | Villager (Male) |
| 2:54 | Encolar | Villager (Male) |
| 3:34 | Encolar | Villager (Male) |
| 3:50 | Encolar | Villager (Male) |
| 3:50 | Encolar | Villager (Male) |
| 4:13 | Encolar | Villager (Male) |
| 4:25 | Construir | Dock |
| 4:46 | Encolar | Villager (Male) |
| 5:09 | Encolar | Fishing Ship |
| 5:26 | Encolar | Villager (Male) |
| 5:26 | Encolar | Villager (Male) |
| 5:26 | Encolar | Villager (Male) |
| 5:34 | Construir | House |
| 5:54 | Encolar | Fishing Ship |
| 5:56 | Construir | Palisade Wall |
| 5:57 | Construir | Palisade Wall |
| 5:58 | Construir | Palisade Wall |
| 6:08 | Encolar | Villager (Male) |
| 6:08 | Encolar | Villager (Male) |
| 6:28 | Encolar | Fishing Ship |
| 7:06 | Encolar | Villager (Male) |
| 7:14 | Construir | House |
| 7:15 | Encolar | Fishing Ship |
| 7:19 | Investigar | Loom |
| 7:45 | Encolar | Fishing Ship |
| 7:52 | Investigar | Feudal Age |
| 8:05 | Construir | House |
| 8:10 | Construir | House |
| 8:57 | Encolar | Villager (Male) |
| 9:00 | Construir | House |
| 9:16 | Construir | Barracks |
| 10:06 | Edad | Edad Feudal |
| 10:16 | Construir | Archery Range |
| 10:22 | Construir | Palisade Wall |
| 10:30 | Construir | Palisade Wall |
| 10:32 | Encolar | Villager (Male) |
| 10:36 | Encolar | Villager (Male) |
| 10:43 | Construir | Archery Range |
| 10:57 | Encolar | Skirmisher |
| 10:59 | Encolar | Villager (Male) |
| 11:15 | Encolar | Villager (Male) |
| 11:20 | Construir | House |
| 11:28 | Encolar | Villager (Male) |
| 11:31 | Encolar | Skirmisher |
| 11:32 | Encolar | Skirmisher |
| 11:49 | Encolar | Villager (Male) |
| 11:53 | Construir | Mill |
| 12:00 | Encolar | Archer |
| 12:02 | Encolar | Villager (Male) |
| 12:17 | Encolar | Skirmisher |
| 12:34 | Encolar | Villager (Male) |
| 12:35 | Encolar | Skirmisher |
| 12:36 | Encolar | Skirmisher |
| 12:56 | Construir | Farm |
| 12:57 | Encolar | Villager (Male) |
| 13:12 | Encolar | Villager (Male) |
| 13:12 | Encolar | Archer |
| 13:39 | Encolar | Villager (Male) |
| 14:01 | Encolar | Villager (Male) |
| 14:18 | Construir | Lumber Camp |
| 14:38 | Construir | House |
| 14:39 | Construir | Palisade Wall |
| 14:40 | Construir | Palisade Wall |
| 14:45 | Encolar | Villager (Male) |
| 14:53 | Construir | Watch Tower |
| 15:06 | Encolar | Skirmisher |
| 15:13 | Encolar | Villager (Male) |
| 15:24 | Construir | Palisade Wall |
| 15:42 | Encolar | Villager (Male) |
| 15:58 | Construir | Blacksmith |
| 16:10 | Encolar | Villager (Male) |
| 16:33 | Investigar | Castle Age |
| 16:42 | Construir | House |
| 17:26 | Construir | Farm |
| 17:28 | Construir | Farm |
| 17:43 | Construir | Mining Camp |
| 17:44 | Encolar | Skirmisher |
| 17:45 | Encolar | Skirmisher |
| 17:59 | Construir | Lumber Camp |
| 18:06 | Investigar | Padded Archer Armor |
| 18:06 | Investigar | Padded Archer Armor |
| 18:07 | Encolar | Skirmisher |
| 18:08 | Encolar | Skirmisher |
| 18:37 | Encolar | Skirmisher |
| 18:39 | Encolar | Skirmisher |
| 18:43 | Construir | Farm |
| 18:44 | Construir | Farm |
| 18:44 | Construir | Farm |
| 18:45 | Construir | Farm |
| 18:47 | Construir | Farm |
| 18:48 | Construir | Farm |
| 19:01 | Encolar | Skirmisher |
| 19:01 | Encolar | Skirmisher |
| 19:17 | Encolar | Skirmisher |
| 19:17 | Encolar | Skirmisher |
| 19:27 | Edad | Edad de los Castillos |
| 19:39 | Construir | Farm |
| 19:40 | Construir | Farm |
| 20:09 | Encolar | Villager (Male) |
| 20:10 | Encolar | Villager (Male) |
| 20:20 | Investigar | Fletching |
| 20:26 | Construir | Palisade Wall |
| 20:31 | Construir | Palisade Wall |
| 20:33 | Construir | Palisade Wall |
| 20:40 | Construir | Palisade Wall |
| 20:40 | Construir | Palisade Wall |
| 20:41 | Construir | Palisade Wall |
| 20:47 | Construir | Palisade Wall |
| 20:49 | Encolar | Villager (Male) |
| 20:53 | Construir | Siege Workshop |
| 21:04 | Construir | House |
| 21:07 | Construir | Palisade Wall |
| 21:16 | Encolar | Villager (Male) |
| 21:36 | Construir | Palisade Wall |
| 21:37 | Construir | Palisade Wall |
| 21:38 | Construir | Palisade Wall |
| 21:41 | Construir | Palisade Wall |
| 21:42 | Construir | Palisade Wall |
| 21:47 | Encolar | Villager (Male) |
| 21:55 | Construir | Market |
| 22:03 | Investigar | Town Watch |
| 22:25 | Construir | Palisade Wall |
| 22:34 | Encolar | Villager (Male) |
| 22:47 | Encolar | Battering Ram |
| 22:52 | Encolar | Villager (Male) |
| 23:03 | Construir | Farm |
| 23:27 | Encolar | Villager (Male) |
| 23:30 | Construir | Town Center |
| 23:41 | Construir | Palisade Wall |
| 23:56 | Encolar | Villager (Male) |
| 24:27 | Encolar | Villager (Male) |
| 24:29 | Encolar | Villager (Male) |
| 24:50 | Investigar | Elite Skirmisher (upgrade) |
| 24:50 | Investigar | Elite Skirmisher (upgrade) |
| 24:50 | Encolar | Villager (Male) |
| 24:53 | Encolar | Villager (Male) |
| 24:53 | Encolar | Villager (Male) |
| 25:36 | Encolar | Villager (Male) |
| 25:41 | Encolar | Skirmisher |
Cronología de la partida
| 4:25 | Sliper · first_building Dock |
| 4:29 | FMarcoss · first_building Barracks |
| 5:56 | Sliper · wall_segment Palisade Wall x1 |
| 5:57 | Sliper · wall_segment Palisade Wall x1 |
| 5:58 | Sliper · wall_segment Palisade Wall x1 |
| 9:16 | Sliper · first_building Barracks |
| 9:51 | FMarcoss · age_up feudal |
| 10:05 | FMarcoss · first_building Archery Range |
| 10:06 | Sliper · age_up feudal |
| 10:16 | Sliper · first_building Archery Range |
| 10:22 | Sliper · wall_segment Palisade Wall x1 |
| 10:30 | Sliper · wall_segment Palisade Wall x1 |
| 14:39 | Sliper · wall_segment Palisade Wall x1 |
| 14:40 | Sliper · wall_segment Palisade Wall x1 |
| 15:24 | Sliper · wall_segment Palisade Wall x4 |
| 19:27 | Sliper · age_up castle |
| 20:26 | Sliper · wall_segment Palisade Wall x5 |
| 20:31 | Sliper · wall_segment Palisade Wall x1 |
| 20:33 | Sliper · wall_segment Palisade Wall x5 |
| 20:40 | Sliper · wall_segment Palisade Wall x1 |
| 20:40 | Sliper · wall_segment Palisade Wall x1 |
| 20:41 | Sliper · wall_segment Palisade Wall x1 |
| 20:47 | Sliper · wall_segment Palisade Wall x3 |
| 20:53 | Sliper · first_building Siege Workshop |
| 21:07 | Sliper · wall_segment Palisade Wall x1 |
| 21:22 | FMarcoss · first_market_sell 100 wood |
| 21:36 | Sliper · wall_segment Palisade Wall x4 |
| 21:37 | Sliper · wall_segment Palisade Wall x1 |
| 21:38 | Sliper · wall_segment Palisade Wall x1 |
| 21:41 | Sliper · wall_segment Palisade Wall x2 |
| 21:42 | Sliper · wall_segment Palisade Wall x4 |
| 22:25 | Sliper · wall_segment Palisade Wall x1 |
| 22:45 | Sliper · first_market_sell 100 food |
| 22:52 | FMarcoss · first_building Dock |
| 23:12 | Sliper · first_market_buy 100 stone |
| 23:41 | Sliper · wall_segment Palisade Wall x1 |
| 24:08 | FMarcoss · age_up castle |
| 26:27 | FMarcoss · first_building Monastery |
| 27:37 | FMarcoss · first_market_buy 100 food |
| 27:50 | Sliper · wall_segment Palisade Wall x1 |
| 27:52 | Sliper · wall_segment Palisade Wall x1 |
| 28:11 | Sliper · wall_segment Palisade Wall x1 |
| 29:27 | FMarcoss · first_building Stable |
| 33:14 | Sliper · first_building Monastery |
| 37:05 | FMarcoss · first_building Castle |
| 37:44 | Sliper · first_building Castle |
| 37:54 | Sliper · wall_segment Palisade Wall x1 |
| 38:39 | FMarcoss · first_building Siege Workshop |
| 39:21 | Sliper · age_up imperial |
| 40:10 | FMarcoss · age_up imperial |
| 46:35 | FMarcoss · resign |
[ ANÁLISIS IA · 1 CRÉDITO ]
¿Qué pasó realmente en esta partida?
Wolo.gg analiza cada decisión: build order, eco, micro, errores típicos por bracket. Análisis personalizado por WhatsApp o Discord en 30 segundos.
Guía civ
Britanos
Perfil
Jugador #26052104